 Dungeon Crawl Stone Soup version 0.18-a0-1788-g92de1ac (webtiles) character file.

12066 Duffy the Zephyrmancer (level 11, -16/72 HPs)
             Began as a High Elf Air Elementalist on Apr 19, 2016.
             Was an Elder of Vehumet.
             Demolished by a komodo dragon (19 damage)
             ... on level 1 of the Lair of Beasts.
             The game lasted 00:25:40 (16398 turns).

Duffy the Zephyrmancer (High Elf Air Elementalist) Turns: 16398, Time: 00:25:41

Health: -16/72     AC: 12    Str:  7    XL:     11   Next: 57%
Magic:  35/35      EV: 22    Int: 22    God:    Vehumet [****..]
Gold:   78         SH:  0    Dex: 17    Spells: 6 memorised, 15 levels left

rFire  . . .     SeeInvis .     q - +2 short sword (protect)
rCold  . . .     Gourm    .     a - +0 robe
rNeg   . . .     Faith    +     (no shield)
rPois  .         Spirit   .     m - +0 helmet
rElec  .         Dismiss  .     r - +0 cloak
rCorr  .         Reflect  .     h - +0 pair of gloves
SustAt .         Harm     .     A - +1 pair of boots
MR     +....     Clarity  +     j - amulet of faith
Stlth  ++........               z - +4 ring of evasion
                                M - ring of magical power

@: repel missiles, somewhat resistant to hostile enchantments, unstealthy
A: clarity
a: Renounce Religion


You were on level 1 of the Lair of Beasts.
You worshipped Vehumet.
Vehumet was greatly pleased with you.
You were not hungry.

You visited 3 branches of the dungeon, and saw 13 of its levels.

You collected 673 gold pieces.
You spent 595 gold pieces at shops.


Innate Abilities, Weirdness & Mutations

You possess an exceptional clarity of mind.


   Skills:
 + Level 5.3 Fighting
 - Level 8.0 Dodging
 - Level 2.1 Stealth
 - Level 10.3 Spellcasting
 - Level 10.5 Conjurations
 - Level 11.8 Air Magic


You had 15 spell levels left.
You knew the following spells:

 Your Spells              Type           Power        Failure   Level  Hunger
a - Shock                 Conj/Air       ####         1%          1    None
e - Throw Flame           Conj/Fire      ####..       1%          2    None
j - Static Discharge      Conj/Air       ######..     1%          3    None
l - Lightning Bolt        Conj/Air       ######....   1%          5    ####...
m - Repel Missiles        Chrm/Air       #####.       1%          2    None
W - Swiftness             Chrm/Air       #####...     1%          2    None

Inventory:

Hand Weapons
 q - a +2 short sword of protection (weapon)
 I - the +7 greatsling "Punk" {freeze, rC+}

   It causes projectiles fired from it to freeze those they strike, causing
   extra injury to most foes and up to half again as much damage against
   particularly susceptible opponents.
   They can also slow down cold-blooded creatures.
   It protects you from cold.
 N - the +1 falchion of the Apocalypse {slice, *Corrode rN+ Int+4, unknown}

   It inflicts extra damage upon your enemies.
   It affects your intelligence (+4).
   It protects you from negative energy.
   It may corrode you when you take damage.
Armour
 a - a +0 robe (worn)
 h - a +0 pair of gloves (worn)
 m - a +0 helmet (worn)
 r - a +0 cloak (worn)
 A - a +1 pair of boots (worn)
Jewellery
 j - an amulet of faith (around neck)
 s - an uncursed amulet of magic regeneration
 z - a +4 ring of evasion (right hand)
 M - a ring of magical power (left hand)
 W - an uncursed ring of protection from cold
Wands
 x - a wand of paralysis (14/24)
 B - a wand of confusion (29/48)
 D - a wand of flame (21/48)
 F - a wand of acid (6/15)
 O - a wand of hasting (5/9)
 P - a wand of polymorph (12/24)
 U - a wand of digging (6/24)
 Y - a wand of iceblast (9/15)
Scrolls
 d - 2 scrolls of magic mapping {unknown}
 f - 8 scrolls of remove curse
 i - 3 scrolls of noise {unknown}
 k - 2 scrolls of random uselessness {unknown}
 p - 4 scrolls of teleportation
 t - a scroll of recharging {unknown}
 y - 3 scrolls of enchant weapon {unknown}
 E - 3 scrolls of enchant armour {unknown}
 J - 2 scrolls of immolation {unknown}
 K - a scroll of blinking {unknown}
 L - a scroll of holy word {unknown}
 T - a scroll of fog
Potions
 e - 3 potions of curing
 g - a potion of flight
 n - 2 potions of lignification
 o - a potion of cure mutation
 v - 2 potions of haste
 C - a potion of heal wounds
 G - a potion of might
 Q - a potion of brilliance
 X - a potion of invisibility {unknown}
 Z - a potion of berserk rage {unknown}
Books
 b - a book of Air
Miscellaneous
 S - a phial of floods
Comestibles
 c - 12 bread rations
 l - 3 meat rations
 u - 6 chunks of flesh
 w - a beef jerky
 H - 3 fruits
 V - 2 slices of pizza

Dungeon Overview and Level Annotations

Branches:
Dungeon (11/15)            Temple (1/1) D:4            Lair (1/8) D:11
    Orc (0/2) D:9

Altars:
Dithmenos
Elyvilon
Fedhas
Gozag
Kikubaaqudgha
Nemelex Xobeh
Okawaru
Pakellas
Qazlal
Ru
Sif Muna
Trog
Vehumet
Xom
Zin
The Shining One

Shops:
D:5 =[!   D:9 [   D:11 ==!


Message History

The komodo dragon misses you. The spiny frog misses you.
The komodo dragon bites you! The spiny frog misses you.
The komodo dragon misses you. The spiny frog closely misses you.
The spiny frog completely misses you. The komodo dragon misses you.
The spiny frog completely misses you. The komodo dragon misses you.
The spiny frog closely misses you.
The komodo dragon bites you but does no damage.
The spiny frog closely misses you. The komodo dragon barely misses you.
The spiny frog closely misses you.
The komodo dragon bites you but does no damage.
The spiny frog stings you but does no damage.
The spiny frog stings you! The komodo dragon barely misses you.
The spiny frog misses you. The komodo dragon bites you!
The spiny frog misses you. The komodo dragon bites you.
The spiny frog completely misses you. The komodo dragon bites you.
The spiny frog misses you.
The komodo dragon bites you but does no damage.
The spiny frog completely misses you. The spiny frog stings you!
The komodo dragon bites you. The spiny frog barely misses you.
The komodo dragon misses you. The spiny frog misses you.
The komodo dragon completely misses you.
The spiny frog barely misses you.
The komodo dragon completely misses you.
The spiny frog closely misses you. The komodo dragon closely misses you.
The spiny frog closely misses you. The spiny frog misses you.
The komodo dragon misses you.
The spiny frog stings you but does no damage.
The komodo dragon barely misses you. The spiny frog closely misses you.
The komodo dragon misses you. The spiny frog misses you.
Some of the chunks of flesh in your inventory have rotted away.
The komodo dragon closely misses you. The spiny frog completely misses you.
The komodo dragon closely misses you. The spiny frog stings you.
The spiny frog closely misses you. The komodo dragon bites you!!
You die...

### ##
#############P####P#####
........................
........................
........................
...##.#.##....>..F......
...#.....#......@l......
...#....................
#..#..........##..##....
#..#.....#.........# ...
#..#.....#....#....# .
#...+.#.##....#.....
#..................#.
#.)..####.##..........
#....+.....#..+....


You could see a komodo dragon and a spiny frog.

Action                   |  1- 3 |  4- 6 |  7- 9 | 10-12 || total
-------------------------+-------+-------+-------+-------++-------
Melee: Short sword       |       |     1 |    85 |   104 ||   190
 Cast: Shock             |    81 |   137 |    88 |    11 ||   317
       Repel Missiles    |     1 |       |     1 |     1 ||     3
       Static Discharge  |       |    10 |    66 |   187 ||   263
       Lightning Bolt    |       |       |     3 |     8 ||    11
       Throw Flame       |       |       |     8 |    13 ||    21
  Use: Scroll            |       |       |     2 |     8 ||    10
       Potion            |       |       |       |     2 ||     2
  Eat: Chunk             |     3 |     8 |    18 |    22 ||    51
       Beef jerky        |       |       |     1 |       ||     1
       Meat ration       |       |       |     1 |       ||     1
Armor: Robe              |    10 |    27 |    32 |    88 ||   157
Dodge: Dodged            |    23 |    39 |   144 |   325 ||   531
       Deflected         |     1 |       |     3 |     1 ||     5

Notes
Turn   | Place    | Note
--------------------------------------------------------------
     0 | D:1      | Duffy the High Elf Air Elementalist began the quest for the Orb.
     0 | D:1      | Reached XP level 1. HP: 11/11 MP: 4/4
   233 | D:1      | Reached skill level 2 in Conjurations
   336 | D:1      | Reached XP level 2. HP: 17/17 MP: 4/6
   376 | D:1      | Learned a level 2 spell: Repel Missiles
   443 | D:1      | Learned a level 2 spell: Swiftness
   860 | D:1      | Reached skill level 3 in Conjurations
   865 | D:1      | Reached XP level 3. HP: 21/21 MP: 0/7
  1807 | D:2      | Reached skill level 3 in Spellcasting
  1812 | D:2      | Learned a level 3 spell: Static Discharge
  1836 | D:2      | Noticed Terence
  1896 | D:2      | Reached XP level 4. HP: 13/27 MP: 7/9
  1937 | D:2      | Killed Terence
  1937 | D:2      | Reached skill level 4 in Conjurations
  1937 | D:2      | Reached skill level 4 in Air Magic
  2398 | D:2      | Found a white marble altar of Elyvilon.
  2765 | D:2      | Reached XP level 5. HP: 31/31 MP: 8/10
  2894 | D:2      | Noticed Crazy Yiuf
  2923 | D:2      | Killed Crazy Yiuf
  3059 | D:3      | Noticed RexLacerta's ghost (amateur TeAE)
  3276 | D:3      | Killed RexLacerta's ghost
  3276 | D:3      | Reached skill level 4 in Spellcasting
  3276 | D:3      | Reached XP level 6. HP: 31/36 MP: 6/14
  3337 | D:3      | Learned a level 5 spell: Lightning Bolt
  3353 | D:3      | Reached skill level 5 in Spellcasting
  3749 | D:3      | Noticed Robin
  3770 | D:3      | Killed Robin
  4213 | D:4      | Reached skill level 5 in Air Magic
  4289 | D:4      | Found a glowing golden altar of the Shining One.
  4326 | D:4      | Found an oddly glowing altar of Pakellas.
  4334 | D:4      | Noticed Grinder
  4357 | D:4      | Killed Grinder
  4357 | D:4      | Reached skill level 5 in Conjurations
  4357 | D:4      | Reached XP level 7. HP: 16/41 MP: 0/15
  4512 | D:4      | Reached skill level 6 in Air Magic
  4623 | D:4      | Reached skill level 6 in Conjurations
  4707 | D:4      | Found a staircase to the Ecumenical Temple.
  4717 | Temple   | Entered the Ecumenical Temple
  4721 | Temple   | Became a worshipper of Vehumet
  5280 | D:5      | Entered Level 5 of the Dungeon
  5324 | D:5      | Reached skill level 7 in Air Magic
  5489 | D:5      | Found a glowing silver altar of Zin.
  5551 | D:5      | Found Xuam Zesa's Jewellery Emporium.
  5673 | D:5      | Reached skill level 7 in Conjurations
  5673 | D:5      | Reached XP level 8. HP: 45/46 MP: 9/16
  5770 | D:5      | Reached * piety under Vehumet
  5770 | D:5      | Offered knowledge of Sandblast by Vehumet.
  5830 | D:5      | Found Weufuoje's Antique Armour Boutique.
  5833 | D:5      | Bought a pair of runed boots for 121 gold pieces
  6145 | D:5      | Reached skill level 8 in Air Magic
  6342 | D:5      | Found Vitiq's Distillery.
  6360 | D:5      | Bought a potion of degeneration for 14 gold pieces
  6360 | D:5      | Bought a potion of heal wounds for 70 gold pieces
  6758 | D:6      | Reached skill level 8 in Conjurations
  7114 | D:6      | Found a shadowy altar of Dithmenos.
  7343 | D:6      | Reached skill level 9 in Air Magic
  7676 | D:6      | Found a stormy altar of Qazlal.
  8060 | D:7      | Reached skill level 1 in Fighting
  8060 | D:7      | Reached XP level 9. HP: 48/53 MP: 10/17
  8418 | D:7      | Found a deep blue altar of Sif Muna.
  8418 | D:7      | Found a blossoming altar of Fedhas.
  8456 | D:7      | Reached skill level 3 in Dodging
  8475 | D:7      | Reached skill level 2 in Fighting
  8907 | D:8      | Reached skill level 4 in Dodging
  8952 | D:7      | Reached skill level 3 in Fighting
  9127 | D:8      | Reached skill level 4 in Fighting
  9127 | D:8      | Reached skill level 5 in Dodging
  9218 | D:8      | Reached ** piety under Vehumet
  9218 | D:8      | Offered knowledge of Throw Flame by Vehumet.
  9218 | D:8      | Reached skill level 6 in Dodging
  9320 | D:8      | Learned a level 2 spell: Throw Flame
  9339 | D:7      | Reached skill level 5 in Fighting
  9908 | D:7      | Found an opulent altar of Gozag.
  9977 | D:7      | Reached skill level 7 in Dodging
 10230 | D:8      | Reached XP level 10. HP: 60/66 MP: 5/18
 10352 | D:8      | Reached skill level 8 in Dodging
 10487 | D:8      | Found a shimmering altar of Xom.
 10674 | D:8      | Noticed Erica
 10684 | D:8      | Killed Erica
 10684 | D:8      | Reached skill level 9 in Conjurations
 10792 | D:8      | Reached skill level 6 in Spellcasting
 11014 | D:8      | Found an iron altar of Okawaru.
 11044 | D:8      | Offered knowledge of Inner Flame by Vehumet.
 11218 | D:9      | Noticed Psyche
 11227 | D:9      | Killed Psyche
 11415 | D:9      | Found Vuup's Armour Shop.
 11430 | D:9      | Got an ichor-stained falchion
 11523 | D:9      | Reached skill level 7 in Spellcasting
 11523 | D:9      | Reached skill level 10 in Conjurations
 11525 | D:9      | Reached *** piety under Vehumet
 11611 | D:9      | Gained mutation: You possess an exceptional clarity of mind. [potion of beneficial mutation]
 11622 | D:9      | Found a sparkling altar of Nemelex Xobeh.
 11922 | D:9      | Found a staircase to the Orcish Mines.
 11933 | D:9      | Offered knowledge of Mephitic Cloud by Vehumet.
 12514 | D:10     | Entered Level 10 of the Dungeon
 12536 | D:10     | Found a blossoming altar of Fedhas.
 12581 | D:10     | Reached skill level 8 in Spellcasting
 12666 | D:10     | Reached skill level 10 in Air Magic
 13289 | D:10     | Reached XP level 11. HP: 72/72 MP: 24/24
 13657 | D:10     | Reached **** piety under Vehumet
 13810 | D:11     | Reached skill level 9 in Spellcasting
 13892 | D:11     | Found Gufra's Jewellery Shoppe.
 13920 | D:11     | Offered knowledge of Venom Bolt by Vehumet.
 14045 | D:11     | Found Laly's Jewellery Boutique.
 14124 | D:11     | Bought an uncursed amulet of magic regeneration for 390 gold pieces
 14251 | D:11     | Found a staircase to the Lair.
 14609 | D:11     | Reached skill level 11 in Air Magic
 15025 | D:11     | Noticed a red ugly thing
 15039 | D:11     | Killed a red ugly thing
 15058 | D:11     | Reached ***** piety under Vehumet
 15143 | D:11     | Offered knowledge of Lee's Rapid Deconstruction by Vehumet.
 15457 | D:11     | Reached skill level 10 in Spellcasting
 15688 | D:11     | Found Jauth's Distillery.
 16153 | Lair:1   | Entered Level 1 of the Lair of Beasts
 16398 | Lair:1   | Demolished by a komodo dragon

Vault maps used:
D:1:      matt_arrival_spirals, grunt_decor_cap
D:2:      elyvilon_altar_3, uniq_terence, uniq_crazy_yiuf_cottage
D:3:      first_bread, uniq_robin
D:4:      lemuel_crystal_altar, minmay_temple_entry_butterflies,
          grunt_pakellas_basics, uniq_grinder
D:5:      old_standard_altar, serial_shops, shop, shop,
          nicolae_shop_competitors_out_of_business, uniq_edmund
D:6:      nicolae_dithmenos_the_darkroom, kennysheep_mini, solitary_fountain,
          nicolae_sextant
D:7:      grunt_temple_overflow_open, kennysheep_cluttered_room, the_bakery,
          minivault_14, grunt_gozag_breadcrumbs
D:8:      okawaru_humans, lemuel_doored_altar, hangedman_abyss_or_decor_clamps,
          uniq_erica
D:9:      erik_orc_3, serial_shops, nicolae_shop_crystal,
          corexii_leaking_fountain, nemelex_deck, uniq_psyche
D:10:     minivault_16, st_stairs_5, minmay_misc_feat_roman,
          minmay_misc_feat_columns, fedhas_bush_and_centaur_altar
D:11:     grunt_lair_entry_orc_guard_hut, serial_shops, shop, shop, shop_statue,
          enter_bailey_2
Temple:   triangle_lava_temple_11

Vanquished Creatures
  Erica
  An ugly thing
  3 centaur zombies
  A spiny frog Psyche
  3 trolls Grinder
  A spriggan
  2 humans
  A wraith
  9 yaks
  2 hippogriffs
  A steam dragon
  3 hungry ghosts
  The ghost of RexLacerta the Gusty, an amateur TeAE
  2 water moccasins
  6 orc warriors
  A porcupine
  3 phantoms
  3 sky beasts
  An ice beast
  2 black bears
  4 ogres
  A necrophage
  An eye of draining
  5 centaurs
  A crocodile
  2 big kobolds
  8 giant frogs
  A water moccasin skeleton
  2 scorpions
  A killer bee
  5 electric eels
  4 howler monkeys
  3 crimson imps
  2 quasits
  2 centaur skeletons Crazy Yiuf
  7 hounds
  2 giant frog skeletons
  4 orc priests
  3 jellies
  8 orc wizards Terence
  3 iguanas
  6 worker ants Robin
  A worker ant zombie
  7 gnolls
  A howler monkey skeleton
  12 adders
  4 river rats
  3 shadow imps
  An ooze
  3 worms
  2 dart slugs
  6 giant geckos
  35 orcs
  17 bats
  3 giant cockroaches
  20 goblins
  11 hobgoblins
  10 jackals
  17 kobolds
  8 quokkas
  A ball python
  5 giant newts
  21 rats
  5 bushes
  4 fungi
  A plant
325 creatures vanquished.
